 Dungeon Crawl Stone Soup version 0.16.0-17-g811c1d7 (webtiles) character file.

27 Fluffy the Chiller (level 2, -2/19 HPs)
             Began as a Demonspawn Ice Elementalist on Mar 21, 2015.
             Killed from afar by Sigmund (11 damage)
             ... with a puff of flame
             ... on level 2 of the Dungeon.
             The game lasted 00:05:41 (2067 turns).

Fluffy the Chiller (Demonspawn Ice Elementalist)    Turns: 2067, Time: 00:05:41

Health: -2/19      AC:  2    Str:  8    XL:     2   Next: 93%
Magic:  5/5        EV: 12    Int: 16    God:
Gold:   110        SH:  0    Dex: 13    Spells: 1 memorised, 5 levels left

rFire  . . .     SeeInvis +     h - +0 short sword
rCold  . . .     Clarity  .     a - +0 robe
rNeg   . . .     SustAb   .     (no shield)
rPois  .         Gourm    .     (no helmet)
rElec  .         Spirit   .     (no cloak)
rCorr  .         Warding  .     (no gloves)
rMut   .         Stasis   .     (no boots)
MR     .....                    (no amulet)
Stlth  ++........               (no ring)
                                d - ring of see invisible

@: not resistant to hostile enchantments, unstealthy
A: powered by death 1
a: no special abilities


You were on level 2 of the Dungeon.
You were hungry.

You visited 1 branch of the dungeon, and saw 2 of its levels.

You collected 110 gold pieces.

Inventory:

Hand weapons
 h - a +0 short sword (weapon)
Armour
 a - a +0 robe (worn)
Jewellery
 d - a ring of see invisible (left hand)
Magical devices
 l - a wand of hasting (2)
Scrolls
 e - a scroll of identify {unknown}
 f - 5 scrolls of teleportation {unknown}
 j - a scroll of enchant armour {unknown}
 k - a scroll of remove curse {unknown}
Potions
 g - a potion of flight {unknown}
 i - a potion of restore abilities {unknown}
 m - a potion of curing {unknown}
Books
 b - a book of Frost

   Spells                             Type                      Level
   a - Freeze                         Ice                          1
   b - Throw Frost                    Conjuration/Ice              2
   c - Ozocubu's Armour               Charms/Ice                   3
   d - Throw Icicle                   Conjuration/Ice              4
   e - Summon Ice Beast               Ice/Summoning                4
   f - Condensation Shield            Ice                          4
Comestibles
 c - 2 bread rations
 n - a meat ration


   Skills:
 - Level 1.7 Dodging
 - Level 1.7 Stealth
 + Level 2.7 Spellcasting
   Level 1.0 Conjurations
 + Level 3.2 Ice Magic


You had 5 spell levels left.
You knew the following spells:

 Your Spells              Type           Power        Failure   Level  Hunger
a - Freeze                Ice            ##..         8%          1    #......


Dungeon Overview and Level Annotations

Branches:
Dungeon (2/15)

Altars:
Makhleb
Okawaru
Xom

Annotations:
D:2 Sigmund


Innate Abilities, Weirdness & Mutations

You can steal the life force of nearby defeated enemies.


Message History

You resist with significant effort.
You closely miss Sigmund. Sigmund hits you with a scythe.
Sigmund barely misses you.
You're too confused to move!
Sigmund closely misses you. Sigmund barely misses you.
You feel less confused.
Sigmund points at you and mumbles some strange words.
The magic dart hits you!
Sigmund points at you and mumbles some strange words.
The puff of flame misses you.
Sigmund points at you and mumbles some strange words.
You are confused.
You bump into the rock wall.
You bump into the rock wall.
You feel less confused. Sigmund barely misses you.
Sigmund gestures at you while chanting. The puff of flame hits you!
Ouch! That really hurt!
You die...

##### ########### ###....
..#.......#
#.....###.#@#####.#
#.......##.#.......# #.
#.#..........##.# #.
#....##.#.@#.##.##.####
#..#.#..##.#....)........#
#..#..@....##.####.##.#.#.
#.....g.#####.####.# .#
####..<######......# .#
#...# #.........# .


You could see Sigmund.

Vanquished Creatures
  A bat (D:1)
  3 giant cockroaches
  7 goblins
  4 hobgoblins
  2 jackals (D:1)
  3 kobolds
  A rat (D:1)
21 creatures vanquished.

Notes
Turn   | Place    | Note
--------------------------------------------------------------
     0 | D:1      | Fluffy, the Demonspawn Ice Elementalist, began the quest for the Orb.
     0 | D:1      | Reached XP level 1. HP: 13/13 MP: 3/3
   313 | D:1      | Gained mutation: You can steal the life force of nearby defeated enemies. [demonic ancestry]
   313 | D:1      | Reached XP level 2. HP: 19/19 MP: 3/5
   355 | D:1      | Reached skill level 3 in Ice Magic
   576 | D:2      | Found an iron altar of Okawaru.
   600 | D:2      | Found a burning altar of Makhleb.
   707 | D:2      | Noticed Sigmund
  1518 | D:2      | Found a burning altar of Makhleb.
  1518 | D:2      | Found a shimmering altar of Xom.
  2067 | D:2      | Killed from afar by Sigmund

Action                   || total
-------------------------++-------
Melee: Dagger            ||    15
       Short sword       ||    13
 Cast: Freeze            ||    29
 Stab: Sleeping          ||     1
  Eat: Chunk             ||     3
